 Dungeon Crawl Stone Soup version 0.28-a0-1347-g113dc556a4 (webtiles) character file.

Game seed: 3567671122427082009

8708 Goblin1989 the Basher (level 11, 0/81 HPs)
             Began as a Demonspawn Delver on Dec 30, 2021.
             Was an Elder of Hepliaklqana.
             Slain by an eight-headed hydra (4 damage)
             ... on level 1 of the Lair of Beasts.
             The game lasted 00:24:57 (11334 turns).

Goblin1989 the Basher (Demonspawn Delver)          Turns: 11334, Time: 00:24:58

Health: 0/81       AC: 18    Str: 17    XL:     11   Next: 13%
Magic:  12/15      EV:  7    Int: 12    God:    Hepliaklqana [****..]
Gold:   546        SH:  0    Dex: 14    Spells: 10/10 levels left

rFire   . . .      SeeInvis .   h - +2 whip (flame)
rCold   . . .      Faith    .   q - orb {light}
rNeg    + . .      Spirit   .   K - +0 plate armour
rPois   .          Reflect  .   (helmet restricted)
rElec   .          Harm     .   (no cloak)
rCorr   .          Rampage  .   J - +2 pair of gloves
Will    .....                   (no boots)
Stlth   ..........              F - amulet of regeneration
HPRegen 1.03/turn               v - ring of positive energy
MPRegen 0.14/turn               (no ring)

@: lethally poisoned (0 -> -26), glowing
A: reduced essence, horns 2, rugged brown scales 2, powered by pain 1, demonic
magic 1
a: Renounce Religion, Recall Ancestor, Ancestor Identity, Transference, Idealise


You were on level 1 of the Lair of Beasts.
You worshipped Hepliaklqana.
Hepliaklqana was greatly pleased with you.
You visited 3 branches of the dungeon, and saw 12 of its levels.

You collected 546 gold pieces.

Inventory:

Hand Weapons
 a - a +0 mace
 h - a +2 whip of flaming (weapon)
 t - a +1 dagger of venom
 C - a +0 flail
Armour
 j - a +0 chain mail
 q - an orb of light (worn)
 B - a +0 scale mail
 G - +0 steam dragon scales
 J - a +2 pair of gloves (worn)
 K - a +0 plate armour (worn)
 M - +0 acid dragon scales
Jewellery
 v - a ring of positive energy (left hand)
 x - an amulet of reflection
 F - an amulet of regeneration (around neck)
Wands
 g - a wand of digging (3) {@v3}
 E - a wand of charming (18)
 I - a wand of acid (4) {@v4}
 Q - a wand of flame (14) {@v1}
Scrolls
 c - 3 scrolls of fog
 d - a scroll of magic mapping
 e - 5 scrolls of fear
 k - 2 scrolls of teleportation {!r, @r2}
 p - 2 scrolls of holy word {unknown}
 u - a scroll of enchant armour {unknown}
 w - 2 scrolls of enchant weapon {unknown}
 y - 2 scrolls of noise {unknown}
 A - a scroll of brand weapon {unknown}
 L - a scroll of immolation
Potions
 f - 3 potions of haste {@q3,}
 m - 4 potions of curing {@q1}
 n - 3 potions of ambrosia
 s - 5 potions of heal wounds
 z - 3 potions of mutation {!q}
 D - a potion of resistance {@q5}
 O - a potion of lignification {unknown}
 P - a potion of brilliance
Miscellaneous
 N - a piece from Xom's chessboard (15/15)
 R - a phial of floods


   Skills:
 + Level 8.2 Fighting
 * Level 9.8 Maces & Flails
 + Level 6.1 Armour
 + Level 7.1 Dodging
 - Level 5.3 Stealth
 + Level 6.0 Invocations
 + Level 1.3 Evocations


You had 10 spell levels left.
You didn't know any spells.
Your spell library contained the following spells:

 Spells                   Type           Power      Damage    Failure   Level
 Animate Skeleton         Necr           0%         N/A       100%        1
 Pain                     Necr           0%         1d4       100%        1
 Sting                    Tmut/Pois      0%         1d3       100%        1
 Poisonous Vapours        Pois/Air       0%         N/A       100%        2
 Vampiric Draining        Necr           0%         2d6       100%        3
 Olgreb's Toxic Radiance  Pois           0%         N/A       100%        4


Dungeon Overview and Level Annotations

Branches:
Dungeon (10/15)            Temple (1/1) D:5            Lair (1/6) D:9
    Orc (0/2) D:10

Altars:
Ashenzari
Cheibriados
Dithmenos
Elyvilon
Fedhas
Gozag
Hepliaklqana
Kikubaaqudgha
Makhleb
Nemelex Xobeh
Okawaru
Qazlal
Ru
Sif Muna
Trog
Uskayaw
Vehumet
Wu Jian
Xom
Yredelemnul
Zin
The Shining One

Shops:
D:6 :

Annotations:
D:9 2 transporters, ThreePoint314's ghost, novice DsGl


Innate Abilities, Weirdness & Mutations

Your life essence is reduced to manifest your ancestor. (-10% HP)
You have a pair of horns on your head.
You are mostly covered in rugged brown scales. (AC +2, +5% HP)
You sometimes gain a little power by taking damage.
Spells you cast may paralyse adjacent enemies.


Message History

a +0 chain mail; a +0 long sword
There is a staircase to the Lair here.
You climb downwards.
Welcome to the Lair of Beasts!
Found a stone staircase leading down.
There is a staircase back to the Dungeon here.
You swap places.
w - 2 scrolls labelled VEISUQ FOY (gained 1)
m - 4 potions of curing {@q1} (gained 1)
A hydra and a cane toad come into view.
The cane toad gives a loud, deep croak!
The eight-headed hydra roars!
A water moccasin comes into view.
The eight-headed hydra moves out of view.
Hepliaklqana grants Mettia healing and protection!
You can no longer drain nearby creatures when transferring your ancestor.
You now have 11/15 mp.
Okay, then.
What are your orders? t - Shout!
Orders for allies: a - Attack new target. r - Retreat! s - Stop attacking. g - Guard the area. f - Follow me.
Anything else - Cancel.
Gang up on whom?
Press: ? - help, Dir - move target, f - eight-headed hydra
Aim: an eight-headed hydra Attack!
Mettia gestures at the eight-headed hydra while chanting.
The puff of frost hits the eight-headed hydra!
There are monsters nearby!
Mettia points at the eight-headed hydra and mumbles some strange words.
The puff of frost hits the eight-headed hydra!
The water moccasin bites you.
You take 3 damage, and have 78/81 hp.
You barely miss the water moccasin.
Mettia points at the eight-headed hydra and mumbles some strange words.
The stone arrow hits the eight-headed hydra!!
You barely miss the water moccasin. The water moccasin barely misses you.
You whack the water moccasin! You burn the water moccasin.
The water moccasin is moderately wounded.
The water moccasin bites you but does no damage.
Mettia hits the eight-headed hydra with a +0 quarterstaff!!
The cane toad stings you!
You are poisoned.
The cane toad poisons you!
The eight-headed hydra bites Mettia! x3
Mettia is destroyed!
The eight-headed hydra roars!
You take 10 damage, and have 69/81 hp.
Your plate armour prevents you from hitting the water moccasin.
You headbutt the water moccasin!
The water moccasin is severely wounded.
You feel very sick.
The water moccasin bites you but does no damage.
You take 2 damage, and have 67/81 hp.
You hit the water moccasin but do no damage.
The water moccasin is severely wounded.
You feel sick. The cane toad stings you.
You are more poisoned.
The cane toad poisons you! The water moccasin barely misses you.
You take 5 damage, and have 62/81 hp.
You hit the water moccasin. You burn the water moccasin.
You headbutt the water moccasin.
You kill the water moccasin!
You feel very sick.
The cane toad stings you but does no damage.
You take 3 damage, and have 59/81 hp.
You completely miss the cane toad.
You headbutt the cane toad, but do no damage.
You feel very sick.
You take 3 damage, and have 56/81 hp.
You hit the cane toad but do no damage.
You feel very sick.
The cane toad stings you but does no damage.
The eight-headed hydra bites you!
The eight-headed hydra bites you but does no damage. x3
The eight-headed hydra bites you.
The eight-headed hydra barely misses you.
The eight-headed hydra bites you but does no damage.
The eight-headed hydra bites you.
You take 18 damage, and have 38/81 hp.
MASSIVE DAMAGE!!
You hit the cane toad. You burn the cane toad.
The cane toad is lightly wounded.
You feel very sick. The cane toad stings you!
* * * LOW HITPOINT WARNING * * *
You are lethally poisoned!
The cane toad poisons you!
You take 14 damage, and have 24/81 hp.
You hit the cane toad but do no damage. You headbutt the cane toad.
The cane toad is moderately wounded.
* * * LOW HITPOINT WARNING * * *
You feel extremely sick. The eight-headed hydra bites you.
* * * LOW HITPOINT WARNING * * *
The eight-headed hydra bites you but does no damage. x2
The eight-headed hydra bites you.
* * * LOW HITPOINT WARNING * * *
The eight-headed hydra bites you.
* * * LOW HITPOINT WARNING * * *
The eight-headed hydra bites you.
You die...

██..........██
███.....P......██
███......██.......█
.██...............███
█...................██
█....................█
.....................██
.<....>...............███
................@D......█
....█..........█.F......█
...████........██......██
...█ █........███......█
..██ .........█
██........ .██ ..
███....... █ . ██.$......
█........ ██.......


You could see an eight-headed hydra and a cane toad.

Vanquished Creatures
  A hornet (D:9)
  A wyvern (D:7)
  6 yaks
  2 steam dragons
  A water moccasin (Lair:1)
  2 ice beasts (D:7)
  2 black bears
  2 sky beasts
  2 necrophages
  2 ogres
  A centaur (D:9)
  A gnoll sergeant (D:6)
  3 bullfrogs
  3 scorpions
  A water moccasin zombie (D:7)
  A wyvern skeleton (D:6)
  A water moccasin skeleton (D:6)
  A centaur zombie (D:9)
  A hound (D:4)
  A jelly (D:6)
  4 orc priests
  A bullfrog skeleton (D:4)
  A gnoll shaman (D:5)
  Natasha (thrice) (D:4)
  8 orc wizards
  A hound zombie (D:5)
  A hound skeleton (D:4)
  10 gnolls
  6 adders
  A shadow imp (D:6)
  2 worms
  3 dart slugs
  15 orcs
  5 endoplasms
  8 giant cockroaches
  8 goblins
  8 hobgoblins
  A jackal (D:1)
  3 quokkas
  3 ball pythons
  2 bats
  2 frilled lizards
  6 kobolds
  3 rats
140 creatures vanquished.

Vanquished Creatures (collateral kills)
  Erolcha (D:10)
  A two-headed ogre (D:9)
  A cyclops (D:9)
  Joseph (D:7)
  A kobold demonologist (D:6)
  6 yaks
  A wraith (D:10)
  A steam dragon (D:8)
  An acid dragon (D:9)
  4 orc warriors
  A sky beast (D:8)
  An ogre (D:6)
  2 scorpions
  A water moccasin zombie (D:5)
  2 hounds
  2 bullfrog zombies
  A gnoll shaman (D:9)
  A centaur zombie (D:9)
  2 orc priests
  A jelly (D:5)
  An iguana (D:5)
  5 orc wizards
  6 gnolls
  2 adders (D:2)
  3 white imps
  An adder skeleton (D:5)
  14 orcs
  A ball python (D:2)
  A bat (D:3)
  2 goblins (D:4)
  4 hobgoblins
  A jackal (D:1)
  A kobold (D:2)
  2 rats
76 creatures vanquished.

Vanquished Creatures (others)
  A sky beast (D:8)
  3 battlemagi
  An ancestor (D:3)
  An orc (D:8)
  6 fungi
  5 plants (D:9)
17 creatures vanquished.

Grand Total: 233 creatures vanquished

Notes
Turn   | Place    | Note
-------+----------+-------------------------------------------
     0 | D:5      | Goblin1989 the Demonspawn Delver began the quest for the
                  | Orb.
     0 | D:5      | Reached XP level 1. HP: 18/18 MP: 1/1
     5 | Temple   | Entered the Ecumenical Temple
    96 | Temple   | Became a worshipper of Hepliaklqana the Forgotten
   115 | D:5      | Noticed an orc wizard
   115 | D:5      | Noticed a gnoll shaman
   115 | D:5      | Noticed an iguana
   274 | D:6      | Found Dunir's Self-Improvement Boutique.
   300 | D:6      | Found a snail-covered altar of Cheibriados.
   378 | D:5      | Reached skill level 2 in Maces & Flails
   378 | D:5      | Gained mutation: You are partially covered in rugged brown
                  | scales. (AC +1, +3% HP) [demonic ancestry]
   378 | D:5      | Reached XP level 2. HP: 10/24 MP: 2/2
   801 | D:4      | Gained mutation: You sometimes gain a little power by
                  | taking damage. [demonic ancestry]
   801 | D:4      | Reached XP level 3. HP: 21/29 MP: 3/3
   915 | D:4      | Reached skill level 5 in Stealth
   915 | D:4      | Gained mutation: Spells you cast may paralyse adjacent
                  | enemies. [demonic ancestry]
   915 | D:4      | Reached XP level 4. HP: 29/37 MP: 4/4
  1047 | D:4      | Reached * piety under Hepliaklqana
  1102 | D:3      | Noticed a necrophage
  1268 | D:4      | Noticed an ogre
  1305 | D:3      | Killed a necrophage
  1306 | D:3      | Reached skill level 3 in Maces & Flails
  1306 | D:3      | Gained mutation: You have a pair of small horns on your
                  | head. [demonic ancestry]
  1306 | D:3      | Reached XP level 5. HP: 26/39 MP: 5/5
  1838 | D:1      | Reached ** piety under Hepliaklqana
  1882 | D:1      | Remembered your ancestor Mettia as a battlemage
  2478 | D:2      | Reached XP level 6. HP: 44/44 MP: 6/6
  2754 | D:2      | Found a faded altar of an unknown god.
  4052 | D:4      | Reached *** piety under Hepliaklqana
  4069 | D:4      | Noticed Natasha
  4073 | D:4      | Killed Natasha
  4095 | D:4      | Noticed Natasha
  4099 | D:4      | Killed Natasha
  4123 | D:4      | Reached skill level 1 in Armour
  4237 | D:4      | Reached skill level 4 in Maces & Flails
  4344 | D:4      | Noticed Natasha
  4348 | D:4      | Killed Natasha
  4349 | D:4      | Gained mutation: You are mostly covered in rugged brown
                  | scales. (AC +2, +5% HP) [demonic ancestry]
  4349 | D:4      | Reached XP level 7. HP: 45/52 MP: 7/7
  4926 | D:5      | Reached skill level 1 in Invocations
  4927 | D:5      | Reached skill level 5 in Fighting
  4927 | D:5      | Reached skill level 5 in Maces & Flails
  5092 | D:5      | Gained mutation: You have a pair of horns on your head.
                  | [demonic ancestry]
  5092 | D:5      | Reached XP level 8. HP: 47/58 MP: 9/9
  5541 | D:6      | Noticed a kobold demonologist
  5552 | D:6      | Killed a kobold demonologist
  5844 | D:6      | Reached skill level 6 in Maces & Flails
  6530 | D:7      | Reached XP level 9. HP: 65/65 MP: 12/12
  6594 | D:7      | Reached skill level 5 in Dodging
  6910 | D:7      | Reached **** piety under Hepliaklqana
  7035 | D:7      | Reached skill level 7 in Maces & Flails
  7166 | D:7      | Noticed Joseph
  7182 | D:7      | Killed Joseph
  7183 | D:7      | Reached skill level 5 in Invocations
  8357 | D:8      | Reached skill level 8 in Maces & Flails
  8954 | D:9      | Reached XP level 10. HP: 56/75 MP: 13/13
  8962 | D:9      | Reached skill level 5 in Armour
  9374 | D:9      | Noticed a cyclops
  9475 | D:9      | Noticed ThreePoint314's ghost (novice DsGl)
  9486 | D:9      | Found a transporter.
  9506 | D:9      | Found a transporter.
  9651 | D:9      | Reached ***** piety under Hepliaklqana
  9734 | D:9      | Noticed a two-headed ogre
 10011 | D:9      | Killed a two-headed ogre
 10012 | D:9      | Reached skill level 9 in Maces & Flails
 10046 | D:9      | Paralysed by a hornet for 3 turns
 10390 | D:9      | Killed a cyclops
 10413 | D:9      | Found a staircase to the Lair.
 10535 | D:10     | Entered Level 10 of the Dungeon
 10546 | D:10     | Noticed Erolcha
 10897 | D:10     | Reached XP level 11. HP: 53/81 MP: 15/15
 11000 | D:10     | Killed Erolcha
 11001 | D:10     | Reached skill level 1 in Evocations
 11121 | D:10     | Found a staircase to the Orcish Mines.
 11263 | Lair:1   | Entered Level 1 of the Lair of Beasts
 11314 | Lair:1   | Noticed an eight-headed hydra
 11334 | Lair:1   | HP: 4/81 [eight-headed hydra (5)]
 11334 | Lair:1   | Slain by an eight-headed hydra

Illustrated notes

Levels and vault maps discovered:
D:1:      saegor_arrival_miasma, layout_basic, grunt_decor_arrowhead
D:2:      layout_loops_ring, dreamdust_ecumenical_altar_grove,
          kennysheep_generic_room_2
D:3:      layout_loops_ring
D:4:      layout_loops_ring, minmay_goblin_outpost, uniq_natasha
D:5:      layout_loops_ring, minmay_temple_entry_purple_smoke,
          hangedman_abyss_or_decor_stabs, supply_closet_lemuel, minivault_14
D:6:      layout_cave_pools, lemuel_doored_altar, nicolae_shop_self_help
D:7:      layout_loops_ring, uniq_joseph
D:8:      layout_cave_pools, hangedman_misty_isle
D:9:      layout_basic, grunt_lair_entry_orc_guard_hut,
          gammafunk_ghost_stat_death
D:10:     layout_rooms, orc_0_dummy, uniq_erolcha
Temple:   dpeg_three_leaves_temple
Lair:1:   layout_hall_layers

Skill      XL: |  1  2  3  4  5  6  7  8  9 10 11 |
---------------+----------------------------------+-----
Maces & Flails | 2 3 4 5 6 8 9 |  9.8
Dodging        | 2 3 4 6 7 |  7.1
Stealth        | 5 |  5.3
Fighting       | 4 5 6 7 8 |  8.2
Armour         | 1 2 3 4 6 |  6.1
Invocations    | 2 4 5 6 |  6.0
Evocations     | 1 |  1.3

Action                   |  1- 3 |  4- 6 |  7- 9 | 10-12 || total
-------------------------+-------+-------+-------+-------++-------
Melee: Whip              |    39 |   151 |   214 |   196 ||   600
       Headbutt          |       |    20 |    36 |    44 ||   100
Invok: Ancestor Life: Ba |       |     1 |       |       ||     1
       Recall Ancestor   |       |       |     2 |       ||     2
       Idealise          |       |       |       |     2 ||     2
  Use: Scroll            |       |       |    10 |       ||    10
 Stab: Sleeping          |     1 |     6 |       |       ||     7
       Distracted        |       |     1 |       |     3 ||     4
Armor: Leather armour    |     8 |     7 |       |       ||    15
       Ring mail         |       |    29 |     6 |       ||    35
       Scale mail        |       |       |    58 |       ||    58
       Plate armour      |       |       |     1 |   100 ||   101
Dodge: Dodged            |    20 |    76 |    78 |    49 ||   223
Block: Orb               |       |    10 |    47 |     5 ||    62
       Reflection        |       |     1 |     1 |       ||     2

Table legend: (Time is in decaauts)
 A = Elapsed time spent in this place.
 B = Non-inter-level travel time spent in this place.
 C = Inter-level travel time spent in this place.
 D = Time resting spent in this place.
 E = Time spent auto-exploring this place.
 F = Levels seen in this place.
 G = Mean time per level.
                   A        B        C        D        E       F      G
               +--------+--------+--------+--------+--------+-----+--------+
         Total |  11240 |  10642 |    598 |   1590 |   6933 |  12 |  936.7 |
       Dungeon |  11073 |  10476 |    597 |   1590 |   6828 |  10 | 1107.3 |
        Temple |     99 |     99 |      0 |      0 |     55 |   1 |   99.0 |
          Lair |     67 |     67 |      0 |      0 |     50 |   1 |   67.0 |
               +--------+--------+--------+--------+--------+-----+--------+

Top non-repeatable levels by time:
     D:7: 1773 daAuts
     D:9: 1602 daAuts
     D:5: 1290 daAuts
     D:6: 1252 daAuts
     D:4: 1111 daAuts
     D:3: 944 daAuts
     D:2: 932 daAuts
     D:8: 850 daAuts
     D:1: 838 daAuts
    D:10: 478 daAuts
  Temple: 99 daAuts
  Lair:1: 67 daAuts
